 Dungeon Crawl Stone Soup version 0.16.1-28-gcc2312f (webtiles) character file.

3399 iiii the Destroyer (level 9, -4/75 HPs)
             Began as a Mottled Draconian Conjurer on June 2, 2015.
             Was a Follower of Vehumet.
             Slain by a two-headed hydra (10 damage)
             ... on level 8 of the Dungeon on June 4, 2015.
             The game lasted 01:12:53 (6581 turns).

iiii the Destroyer (Mottled Draconian Conjurer)     Turns: 6581, Time: 01:12:53

Health: -4/75      AC: 10    Str: 12    XL:     9   Next: 75%
Magic:  10/22      EV: 15    Int: 16    God:    Vehumet [*.....]
Gold:   271        SH:  0    Dex: 13    Spells: 4 memorised, 10 levels left

rFire  + + .     SeeInvis .     d - +3 dagger (venom)
rCold  . . .     Clarity  +     (armour unavailable)
rNeg   . . .     SustAb   .     (no shield)
rPois  .         Gourm    .     (helmet restricted)
rElec  .         Spirit   .     s - +0 cloak
rCorr  .         Warding  .     (no gloves)
rMut   .         Stasis   .     w - +1 pair of boots
MR     .....                    l - amulet of clarity
Stlth  ++........               q - ring of protection from fire (curse)
                                j - ring of protection from fire

@: about to teleport, not resistant to hostile enchantments, unstealthy
A: breathe sticky flames, unfitting armour, cold-blooded, AC +7
a: Breathe Sticky Flame, Renounce Religion


You were on level 8 of the Dungeon.
You worshipped Vehumet.
Vehumet was aware of your devotion.
You were not hungry.

You visited 2 branches of the dungeon, and saw 9 of its levels.

You collected 368 gold pieces.
You spent 97 gold pieces at shops.

Inventory:

Hand weapons
 d - a +3 dagger of venom (weapon)
 e - a +2 whip of flaming
 k - a +3 mace
 r - a +3 hand axe
Armour
 s - a +0 cloak (worn)
 w - a +1 pair of boots (worn)
Magical staves
 h - an uncursed staff of poison
Jewellery
 j - a ring of protection from fire (left hand)
 l - an amulet of clarity (around neck)
 q - a cursed ring of protection from fire (right hand)
Magical devices
 b - a wand of slowing (48)
 p - a wand of disintegration (13)
 x - a wand of digging (6)
Scrolls
 f - 2 scrolls of enchant armour
 n - 6 scrolls of identify
 y - a scroll of silence
 z - a scroll of torment {unknown}
Potions
 a - a potion of restore abilities
 i - a potion of might
 o - a potion of brilliance
 t - a potion of cancellation {unknown}
 u - a potion of agility
 v - 2 potions of curing
 A - a potion of heal wounds
Books
 c - a book of Conjurations

   Spells                             Type                      Level
   a - Magic Dart                     Conjuration                  1
   b - Searing Ray                    Conjuration                  2
   c - Dazzling Spray                 Conjuration/Hexes            3
   d - Fulminant Prism                Conjuration/Hexes            4
   e - Iskenderun's Mystic Blast      Conjuration                  4
   f - Iskenderun's Battlesphere      Conjuration/Charms           5
 B - a book of Battle

   Spells                             Type                      Level
   a - Infusion                       Charms                       1
   b - Shroud of Golubria             Charms/Translocation         2
   c - Song of Slaying                Charms                       2
   d - Spectral Weapon                Hexes/Charms                 3
   e - Regeneration                   Charms/Necromancy            3
Comestibles
 g - 2 meat rations
 C - 8 fruits
 D - 6 slices of pizza


   Skills:
 + Level 6.1 Fighting
 + Level 5.4 Short Blades
 - Level 1.0 Maces & Flails
 + Level 5.9 Dodging
 - Level 1.7 Stealth
 * Level 6.1 Spellcasting
 * Level 8.0 Conjurations


You had 10 spell levels left.
You knew the following spells:

 Your Spells              Type           Power        Failure   Level  Hunger
a - Magic Dart            Conj           ####         1%          1    None
b - Searing Ray           Conj           ####..       1%          2    #......
c - Iskenderun's Mystic   Conj           ####....     6%          4    ####...
d - Regeneration          Chrm/Necr      #.........   38%         3    ##.....


Dungeon Overview and Level Annotations

Branches:
Dungeon (8/15)             Temple (1/1) D:7
   Lair: D:8-11

Altars:
Ashenzari
Cheibriados
Dithmenos
Elyvilon
Fedhas
Gozag
Kikubaaqudgha
Makhleb
Nemelex Xobeh
Okawaru
Qazlal
Ru
Sif Muna
Trog
Vehumet
Xom
Yredelemnul
Zin
The Shining One

Shops:
D:4 *[   D:5 (


Innate Abilities, Weirdness & Mutations

You can spit globs of burning liquid.
You can ignite nearby creatures when you spit burning liquid.
Your weird mottled scales are hard (AC +7).
Your body does not fit into most forms of armour.
Your cold-blooded metabolism reacts poorly to cold.


Message History

The two-headed hydra bites you but does no damage.
The two-headed hydra completely misses you.
The two-headed hydra bites you but does no damage.
The big kobold barely misses you.
You hit the plant but do no damage. The two-headed hydra bites you!
* * * LOW HITPOINT WARNING * * *
The two-headed hydra barely misses you.
The big kobold hits you with a short sword.
* * * LOW HITPOINT WARNING * * *
Remove which piece of jewellery? (? for menu, Esc to quit)
Okay, then.
Read which item? (? for menu, Esc to quit)
As you read the scroll of teleportation, it crumbles to dust.
You feel strangely unstable. The two-headed hydra barely misses you.
The two-headed hydra bites you but does no damage.
The big kobold hits you but does no damage.
The two-headed hydra bites you.
* * * LOW HITPOINT WARNING * * *
The two-headed hydra bites you!
You die...

#.# #.## ##.# #.# ##.##
##.########## ..#
##.###.##....('%.#
..######.#.###.....#.)#
..........## ##'''###+#
..#######.####.....P≈.#
.## #..>...#.....≈≈P#
#######.#.####KDP..P≈≈#
........#.# #..@...≈P#
#########)# #.≈.≈.≈P≈#
##.# ####.##### #.)#
#.†)..# #..#####.###.###
# #.............# #
#.)#####.###..####
.#######........).......#
.......#..######.##..##.#


You could see a two-headed hydra and a big kobold.

Vanquished Creatures
  Pikel (D:6)
  2 yaks (D:8)
  3 orc warriors
  A water moccasin (D:8)
  An ice beast (D:7)
  A slave (D:6)
  3 ogres
  A sky beast (D:6)
  2 centaurs (D:7)
  Sigmund (D:6)
  A big kobold (D:8)
  3 giant frogs
  2 scorpions
  3 wights (D:6)
  Dowan (D:6)
  A jelly (D:8)
  4 hounds
  7 orc priests
  3 giant frog skeletons
  3 worker ants (D:4)
  Natasha (D:3)
  3 orc wizards
  5 iguanas
  2 sheep (D:8)
  A mummy (D:7)
  A hound skeleton (D:8)
  Robin (D:3)
  5 adders
  3 gnolls (D:3)
  A shadow imp (D:7)
  A giant mite (D:3)
  6 worms
  An adder skeleton (D:7)
  6 giant geckos
  19 orcs
  3 ball pythons
  A bat zombie (D:6)
  4 giant cockroaches
  22 goblins
  11 hobgoblins
  9 jackals
  15 kobolds
  5 quokkas
  17 bats
  A giant gecko skeleton (D:7)
  8 giant newts
  A giant spore (D:8)
  2 gnoll zombies (D:7)
  A quokka zombie (D:8)
  14 rats
214 creatures vanquished.

Vanquished Creatures (others)
  A slave (D:6)
  A black bear (D:7)
  Duvessa (D:6)
  2 wights (D:6)
  An orc wizard (D:5)
  3 gnolls (D:7)
  2 orcs (D:6)
  3 ballistomycetes (D:8)
  A plant (D:8)
15 creatures vanquished.

Grand Total: 229 creatures vanquished

Notes
Turn   | Place    | Note
--------------------------------------------------------------
     0 | D:1      | iiii, the Draconian Conjurer, began the quest for the Orb.
     0 | D:1      | Reached XP level 1. HP: 14/14 MP: 3/3
   143 | D:1      | Reached XP level 2. HP: 20/22 MP: 0/4
   307 | D:1      | Reached skill level 1 in Fighting
   311 | D:1      | Learned a level 2 spell: Searing Ray
   500 | D:2      | Reached XP level 3. HP: 23/28 MP: 4/6
   687 | D:2      | Reached skill level 1 in Short Blades
   835 | D:2      | Reached XP level 4. HP: 35/35 MP: 8/8
  1338 | D:3      | Reached XP level 5. HP: 15/41 MP: 3/9
  1347 | D:3      | Reached skill level 5 in Conjurations
  1566 | D:3      | Noticed a centaur
  1847 | D:3      | Noticed Natasha
  1857 | D:3      | Killed Natasha
  1959 | D:3      | Noticed Robin
  1987 | D:3      | Killed Robin
  2169 | D:4      | Reached XP level 6. HP: 45/50 MP: 10/12
  2319 | D:4      | Found Shujec's General Store.
  2332 | D:4      | Bought a scroll of enchant weapon for 97 gold pieces
  2606 | D:4      | Found Schoapn's Armour Shoppe.
  2808 | D:5      | Entered Level 5 of the Dungeon
  3004 | D:5      | Your scales start taking on a weird mottled pattern.
  3004 | D:5      | Reached XP level 7. HP: 17/57 MP: 12/15
  3598 | D:5      | Found Throyzxa's Weapon Shoppe.
  3956 | D:6      | Noticed Duvessa
  3956 | D:6      | Noticed Dowan
  3958 | D:6      | Noticed Pikel
  4018 | D:6      | Found a bloodstained altar of Trog.
  4074 | D:6      | Reached skill level 6 in Conjurations
  4130 | D:6      | Killed Pikel
  4130 | D:6      | Reached XP level 8. HP: 13/67 MP: 10/18
  4303 | D:6      | Killed Duvessa
  4321 | D:6      | Killed Dowan
  4321 | D:6      | Reached skill level 5 in Fighting
  4385 | D:6      | Noticed Sigmund
  4401 | D:6      | Killed Sigmund
  4595 | D:6      | Reached skill level 1 in Maces & Flails
  4734 | D:6      | Found a sacrificial altar of Ru.
  4734 | D:6      | Found a radiant altar of Vehumet.
  4739 | D:6      | Became a worshipper of Vehumet
  4754 | D:6      | Found a shattered altar of Ashenzari.
  4867 | D:7      | Reached skill level 5 in Dodging
  4867 | D:7      | Reached skill level 5 in Spellcasting
  4898 | D:7      | Learned a level 4 spell: Iskenderun's Mystic Blast
  4995 | D:7      | Reached XP level 9. HP: 43/74 MP: 9/21
  5055 | D:7      | Reached skill level 7 in Conjurations
  5222 | D:7      | Found a basalt altar of Yredelemnul.
  5681 | D:7      | Found a staircase to the Ecumenical Temple.
  5692 | Temple   | Entered the Ecumenical Temple
  5842 | D:8      | Acquired Vehumet's first power
  5842 | D:8      | Offered knowledge of Freeze by Vehumet.
  6164 | D:8      | Reached skill level 5 in Short Blades
  6302 | D:8      | Learned a level 3 spell: Regeneration
  6537 | D:8      | Reached skill level 8 in Conjurations
  6562 | D:8      | Noticed a two-headed hydra
  6581 | D:8      | Slain by a two-headed hydra

Action                   |  1- 3 |  4- 6 |  7- 9 || total
-------------------------+-------+-------+-------++-------
Melee: Dagger            |    60 |   110 |   214 ||   384
       Whip              |       |       |    21 ||    21
 Cast: Magic Dart        |    42 |    83 |   148 ||   273
       Searing Ray       |     1 |     8 |    23 ||    32
       Iskenderun's Myst |       |       |     8 ||     8
       Regeneration      |       |       |     2 ||     2
 Abil: Breathe Sticky Fl |       |       |     4 ||     4
  Use: Scroll            |     2 |     7 |     9 ||    18
       Potion            |       |     9 |     1 ||    10
 Stab: Sleeping          |     1 |     1 |       ||     2
  Eat: Beef jerky        |     1 |       |     2 ||     3
       Meat ration       |       |     1 |     1 ||     2
       Bread ration      |       |     1 |     1 ||     2
